 Dungeon Crawl Stone Soup version 0.32-a0-391-gce5c0aa (webtiles) character file.

Game seed: 6010894979071580251

186 Nithhogg the Covered (level 5, -4/47 HPs)
             Began as a Mountain Dwarf Fighter on Feb 19, 2024.
             Incinerated by a bombardier beetle (5 damage)
             ... with a burning spray
             ... on level 4 of the Dungeon.
             The game lasted 00:04:33 (2207 turns).

Nithhogg the Covered (Mountain Dwarf Fighter)       Turns: 2207, Time: 00:04:34

Health: -4/47      AC:  7    Str: 21    XL:     5   Next: 38%
Magic:  7/7        EV:  9    Int:  8    God:
Gold:   267        SH:  0    Dex:  9    Spells: 4/4 levels left

rFire   . . .        a - +0 war axe
rCold   . . .        (no shield)
rNeg    . . .        b - +0 scale mail
rPois   .            (no helmet)
rElec   .            (no cloak)
rCorr   .            (no gloves)
SInv    .            (no boots)
Will    .....        (no amulet) Stlth
                     (no ring)
HPRegen 0.27/turn    (no ring)
MPRegen 0.10/turn

%: no passive effects
@: on fire, silenced, attractive, glowing
A: runic magic, artefact enchanting
a: no special abilities


You were on level 4 of the Dungeon.
You visited 1 branch of the dungeon, and saw 4 of its levels.

You collected 267 gold pieces.

Inventory:

Hand Weapons
 a - a +0 war axe (weapon)
 o - the +3 mace "Jizukhlea" {spect, Fly rF- SInv}
   (You found it on level 3 of the Dungeon)

   rF-:       It makes you vulnerable to fire.
   SInv:      It lets you see invisible.
   Fly:       It grants you flight.
Missiles
 k - 4 atropa-tipped darts (quivered)
Armour
 b - a +0 scale mail (worn)
 c - a +0 buckler
Jewellery
 i - an amulet of the acrobat
Wands
 e - a wand of flame (33)
Scrolls
 g - 2 scrolls of teleportation
 h - a scroll of identify
 m - a scroll of butterflies {unknown}
 n - a scroll of enchant weapon {unknown}
 q - a scroll of enchant armour {unknown}
Potions
 d - a potion of might
 p - a potion of ambrosia {unknown}


   Skills:
 + Level 4.4 Fighting
 + Level 3.9 Axes
 + Level 4.4 Armour
 - Level 3.2 Shields
 + Level 3.2 Invocations


You had 4 spell levels left.
You didn't know any spells.
Your spell library was empty.

Dungeon Overview and Level Annotations

Branches:
Dungeon (4/15)
 Temple: D:4-7

Altars:
Kikubaaqudgha
Vehumet

Shops:
D:1 :

Annotations:
D:4 Menkaure


Innate Abilities, Weirdness & Mutations

Your spellcasting is much less encumbered by armour.
You can use scrolls of enchantment on lesser artefacts.


Message History

You struggle to detach yourself from the web.
The liquid fire burns you!
The ribbon worm bites you but does no damage.
The bombardier beetle barely misses you.
You struggle to detach yourself from the web.
The liquid fire burns you!
An endoplasm comes into view.
The ribbon worm barely misses you.
The web tears apart.
The liquid fire burns you!
The endoplasm quivers.
The endoplasm jiggles.
The bombardier beetle sprays incendiary fluid at you.
The burning spray hits you.
You are even more covered in liquid fire!
You slash the ribbon worm!
The ribbon worm is almost dead.
You closely miss the bombardier beetle. The liquid fire burns you!
The ribbon worm bites you.
The bombardier beetle bites you but does no damage.
You hit the ribbon worm.
The ribbon worm is almost dead.
You slash the bombardier beetle! The liquid fire burns you!
The ribbon worm bites you!
* * * LOW HITPOINT WARNING * * *
Menkaure, Prince of Dust comes into view.
You shake off some of the fire as you move.
The liquid fire burns you!
* * * LOW HITPOINT WARNING * * *
The ribbon worm bites you.
* * * LOW HITPOINT WARNING * * *
Menkaure calls on the powers of darkness!
The ribbon worm convulses!
The bombardier beetle convulses!
You feel a surge of unholy energy.
Magic scrolls do not work when you're silenced!
It was a potion of attraction.
You feel attractive to monsters. The liquid fire burns you!
You die...

#.# #.# # #.# #
#.....#
.####.#.#.###
..........M
.###..#.#.#
.......BwJ#
.######@#########
#(........#
#########.#
#.#### ## #....#
#.###....#
#.........####.
##.#.......>...
#...........


You could see Menkaure, a ribbon worm (unsilenced), a bombardier beetle
(unsilenced) and an endoplasm (unsilenced).

Vanquished Creatures
  An iguana (D:4)
  Jessica (D:2)
  5 adders
  A dart slug (D:1)
  A ribbon worm (D:4)
  9 ball pythons
  2 bats
  4 endoplasms
  4 giant cockroaches (D:2)
  7 goblins
  3 hobgoblins
  3 jackals (D:4)
  2 frilled lizards
  4 kobolds
  3 rats
50 creatures vanquished.

Notes
Turn   | Place    | Note
-------+----------+-------------------------------------------
     0 | D:1      | Nithhogg the Mountain Dwarf Fighter began the quest for the
                  | Orb.
     0 | D:1      | Reached XP level 1. HP: 19/19 MP: 1/1
   211 | D:1      | Found Ypopiuk's Book Shoppe.
   315 | D:1      | Reached skill level 1 in Invocations
   315 | D:1      | Reached XP level 2. HP: 26/26 MP: 2/2
   529 | D:1      | Found a faded altar of an unknown god.
   730 | D:2      | Reached XP level 3. HP: 19/33 MP: 4/4
  1003 | D:2      | Noticed Jessica
  1011 | D:2      | Killed Jessica
  1012 | D:2      | Reached XP level 4. HP: 22/40 MP: 5/5
  1407 | D:3      | Found an ancient bone altar of Kikubaaqudgha.
  1432 | D:3      | Identified the +3 mace "Jizukhlea" {spect, Fly rF- SInv}
  1618 | D:3      | Found a radiant altar of Vehumet.
  1835 | D:3      | Reached XP level 5. HP: 46/46 MP: 7/7
  2205 | D:4      | Noticed Menkaure
  2206 | D:4      | HP: 1/47 [ribbon worm (3)]
  2207 | D:4      | Incinerated by a bombardier beetle

Illustrated notes

Levels and vault maps discovered:
D:1:      eino_arrival_water_cross, layout_loops_ring, serial_shops,
          nicolae_shop_tiny_waterfront, dreamdust_ecumenical_altar_statues,
          minmay_gold_behind_fungi
D:2:      layout_basic, serial_bayou_ford_a, uniq_jessica
D:3:      layout_basic, vehumet_altar_wand_db,
          mainiacjoe_overflow_surrounded_room, grunt_decor_arrowhead,
          serial_bayou_pond_e
D:4:      layout_loops_ring, portal_sewer_entry_c, uniq_duvessa, uniq_menkaure,
          uniq_grinder, uniq_sigmund, uniq_crazy_yiuf_cottage

Skill      XL: |  1  2  3  4  5 |
---------------+----------------+-----
Invocations    | 1 2 3 |  3.2
Axes           | 3 |  3.9
Fighting       | 4 |  4.4
Armour         | 4 |  4.4
Shields        | |  3.2

Action                     |  1- 3 |  4- 6 || total
---------------------------+-------+-------++-------
  Melee: War axe           |    73 |    55 ||   128
    Use: Scroll            |     4 |     2 ||     6
         Potion            |       |     2 ||     2
 Armour: Scale mail        |    64 |    57 ||   121
  Dodge: Dodged            |    35 |    35 ||    70

Table legend: (Time is in decaauts)
 A = Elapsed time spent in this place.
 B = Non-inter-level travel time spent in this place.
 C = Inter-level travel time spent in this place.
 D = Time resting spent in this place.
 E = Time spent auto-exploring this place.
 F = Levels seen in this place.
 G = Mean time per level.
                   A        B        C        D        E       F      G
               +--------+--------+--------+--------+--------+-----+--------+
         Total |   2262 |   2220 |     42 |      0 |   1846 |   4 |  565.5 |
       Dungeon |   2262 |   2220 |     42 |      0 |   1846 |   4 |  565.5 |
               +--------+--------+--------+--------+--------+-----+--------+

Top non-repeatable levels by time:
     D:3: 744 daAuts
     D:1: 702 daAuts
     D:2: 659 daAuts
     D:4: 156 daAuts
